 Dungeon Crawl Stone Soup version 0.29.1-2-gbd0b4ee654 (webtiles) character file.

Game seed: 539932841478940525

8 qeuew the Digger (level 1, 0/14 HPs)
             Began as a Demigod Earth Elementalist on Nov 9, 2022.
             Killed from afar by a dart slug (4 damage)
             ... with a slug dart
             ... on level 1 of the Dungeon.
             The game lasted 00:00:38 (246 turns).

qeuew the Digger (Demigod Earth Elementalist)        Turns: 246, Time: 00:00:40

Health: 0/14       AC:  2    Str:  9    XL:     1   Next: 80%
Magic:  0/5        EV: 12    Int: 17    God:
Gold:   0          SH:  0    Dex: 14    Spells: 2/3 levels left

rFire   . . .      SeeInvis .   (no weapon)
rCold   . . .      Faith    .   (no shield)
rNeg    . . .      Spirit   .   a - +0 robe
rPois   .          Reflect  .   (no helmet)
rElec   .          Harm     .   (no cloak)
rCorr   .          Rampage  .   (no gloves)
Will    .....                   (no boots)
Stlth   ++........              (no amulet)
HPRegen 0.04/turn               (no ring)
MPRegen 0.09/turn               (no ring)

@: no status effects
A: high MP 1, forlorn, divine attributes
a: no special abilities


You were on level 1 of the Dungeon.
You visited 1 branch of the dungeon, and saw 1 of its levels.

Inventory:

Armour
 a - a +0 robe (worn)
Potions
 b - a potion of magic


   Skills:
 + Level 0.3 Fighting
 + Level 0.4 Armour
 + Level 1.9 Dodging
 - Level 1.7 Stealth
 + Level 1.9 Spellcasting
 + Level 1.1 Transmutations
 + Level 2.8 Earth Magic


You had 2 spell levels left.
You knew the following spells:

 Your Spells              Type           Power      Damage    Failure   Level
a - Sandblast             Erth           22%        2d7       6%          1

Your spell library contained the following spells:

 Spells                   Type           Power      Damage    Failure   Level
 Passwall                 Tmut/Erth      6%         N/A       13%         2
 Sublimation of Blood     Necr           1%         N/A       30%         2
 Stone Arrow              Conj/Erth      12%        3d7       32%         3
 Petrify                  Tmut/Erth      8%         N/A       65%         4
 Irradiate                Conj/Tmut      1%         3d12      99%         5


Dungeon Overview and Level Annotations

Branches:
Dungeon (1/15)


Innate Abilities, Weirdness & Mutations

You have an increased reservoir of magic. (+10% MP)
You shall have no god before yourself.
Your divine heritage dramatically boosts your attributes as you level up.


Message History

The dart slug is moderately wounded.
The dart slug bites you.
You are too injured to fight recklessly!
You are too injured to fight recklessly!
Aiming: Sandblast (safe; 6% risk of failure)
Press: ? - help, Q - select action Shift-Dir - straight line, f/p - dart slug
Aim: a dart slug (moderately wounded, 100% to hit)
The blast of sand hits the dart slug.
The dart slug is heavily wounded.
A goblin comes into view. It is wielding a +0 dagger.
The dart slug closely misses you.
Unknown command.
The goblin shouts!
You hit the dart slug but do no damage.
The dart slug is heavily wounded.
You hit the dart slug but do no damage.
The dart slug is heavily wounded.
The dart slug closely misses you.
A kobold comes into view. It is wielding a +0 whip.
You hit the dart slug.
The dart slug is severely wounded.
The dart slug bites you.
You hit the dart slug.
The dart slug is severely wounded.
The dart slug closely misses you.
You completely miss the dart slug.
The dart slug is severely wounded.
You hit the dart slug but do no damage.
The dart slug is severely wounded.
The dart slug barely misses you.
A frilled lizard comes into view.
The kobold throws a stone.
The stone hits you.
* * * LOW HITPOINT WARNING * * *
The goblin closely misses you.
The frilled lizard hisses angrily.
You hit the dart slug but do no damage.
The dart slug is severely wounded.
The dart slug launches a dart at you. The slug dart hits you.
You die...

# #l..........# ####
)#....≈≈.....# ##...
.....≈_.≈....# #
#..##
#...)≈≈K....#.#
###.##
#...........#.#
#...#
#.........#.####.###
#..g......###...#
#.w@..#.# #..###
.....#####..# #.##
#.#.......#.# #.#
.....†##.###.#
##.##. #.#...# .. #
#.#.### #...# #.###
#.#


You could see a dart slug, a goblin, a kobold and a frilled lizard.

Vanquished Creatures
  An endoplasm (D:1)
  3 jackals (D:1)
  A kobold (D:1)
  A ball python (D:1)
  A rat (D:1)
7 creatures vanquished.

Notes
Turn   | Place    | Note
-------+----------+-------------------------------------------
     0 | D:1      | qeuew the Demigod Earth Elementalist began the quest for
                  | the Orb.
     0 | D:1      | Reached XP level 1. HP: 14/14 MP: 5/5
     8 | D:1      | Reached skill level 1 in Transmutations
   173 | D:1      | Noticed an imperial myrmidon
   173 | D:1      | Noticed a komodo dragon
   174 | D:1      | Noticed a yaktaur
   174 | D:1      | Noticed a hell rat
   246 | D:1      | Killed from afar by a dart slug

Illustrated notes

Levels and vault maps discovered:
D:1:      onia_arrival_zoo_common, layout_basic,
          shapermc_ecumenical_altar_starsandcircs, minmay_vboxes

Skill      XL: |  1 |
---------------+----+-----
Transmutations | 1 |  1.1
Fighting       | |  0.3
Armour         | |  0.4
Dodging        | |  1.9
Stealth        | |  1.7
Spellcasting   | |  1.9
Earth Magic    | |  2.8

Action                   || total
-------------------------++-------
Melee: Unarmed           ||    12
 Cast: Sandblast         ||    12
Armor: Robe              ||     1
Dodge: Dodged            ||    10
